 Dungeon Crawl Stone Soup version 0.29.1-15-g9cfb28693d (webtiles) character file.

Game seed: 17039209476932879159

27 Heoruswealwe the Caller (level 2, 15/15 HPs)
             Began as a Deep Elf Summoner on Feb 28, 2023.
             Was a Follower of Fedhas.
             Got out of the dungeon alive.
             The game lasted 00:09:40 (864 turns).

Heoruswealwe the Caller (Deep Elf Summoner)          Turns: 864, Time: 00:09:40

Health: 15/15      AC:  2    Str:  5    XL:     2   Next: 93%
Magic:  9/9        EV: 12    Int: 19    God:    Fedhas [*.....]
Gold:   59         SH:  0    Dex: 15    Spells: 8/9 levels left

rFire   . . .      SeeInvis .   i - +0 broad axe
rCold   . . .      Faith    .   (no shield)
rNeg    . . .      Spirit   .   a - +0 robe
rPois   .          Reflect  .   (no helmet)
rElec   .          Harm     .   (no cloak)
rCorr   .          Rampage  .   (no gloves)
Will    .....                   (no boots)
Stlth   ++........              (no amulet)
HPRegen 0.05/turn               (no ring)
MPRegen 0.11/turn               (no ring)

@: no status effects
A: no striking features
a: Renounce Religion


You escaped.
You worshipped Fedhas.
Fedhas was aware of your devotion.
You visited 1 branch of the dungeon, and saw 1 of its levels.

You collected 59 gold pieces.

Inventory:

Hand Weapons
 d - a +0 dagger
 e - a +0 club
 f - a +0 dagger
 g - a +1 dagger of venom
 h - a +0 club
 i - a +0 broad axe (weapon)
 j - a +0 club
 m - a +0 club
Missiles
 c - 14 stones
Armour
 a - a +0 robe (worn)
Potions
 b - a potion of magic
 k - a potion of curing


   Skills:
 - Level 2.4 Dodging
 - Level 2.4 Stealth
 + Level 4.0 Spellcasting
 + Level 4.9 Summonings


You had 8 spell levels left.
You knew the following spells:

 Your Spells              Type           Power      Damage    Failure   Level
a - Summon Small Mammal   Summ           88%        N/A       1%          1

Your spell library contained the following spells:

 Spells                   Type           Power      Damage    Failure   Level
 Call Imp                 Summ           22%        N/A       2%          2
 Call Canine Familiar     Summ           22%        N/A       5%          3
 Summon Guardian Golem    Hex/Summ       13%        N/A       14%         3
 Summon Lightning Spire   Summ/Air       13%        N/A       43%         4


Dungeon Overview and Level Annotations

Branches:
Dungeon (1/15)

Altars:
Fedhas


Message History

A hobgoblin comes into view.
Found a metallic clear potion.
The hobgoblin shouts!
Your bat hits the hobgoblin but does no damage.
The hobgoblin hits your bat.
Your bat dies!
Your bat's corpse disappears in a puff of smoke!
Your quokka barely misses the hobgoblin.
The hobgoblin barely misses your quokka.
Your quokka closely misses the hobgoblin.
The hobgoblin hits your quokka.
Your quokka closely misses the hobgoblin.
The hobgoblin hits your quokka.
Your quokka bites the hobgoblin.
The hobgoblin dies!
You swap places.
Found a faded altar of an unknown god.
Found 8 gold pieces.
You now have 59 gold pieces (gained 8).
n - a metallic clear potion Your quokka disappears in a puff of smoke!
There is a faded altar of an unknown god here.
You cannot tell which god this altar belongs to.
Convert to them anyway?
Fedhas accepts your prayer! Fedhas welcomes you!
The plants of the dungeon cease their hostilities.
As you read the scroll labelled UHUIRE COAGYURGH, it crumbles to dust.
You feel momentarily disoriented.
It was a scroll of magic mapping.
You aren't carrying any scrolls.
It was a potion of curing.
You feel better.
It was a potion of flight.
You feel very buoyant.
You fly up into the air.
You are starting to lose your buoyancy.
You float gracefully downwards.
There is a staircase leading out of the dungeon here.
Are you sure you want to leave the Dungeon?
This will make you lose the game!
Uppercase [Y]es or [N]o only, please.
Are you sure you want to leave the Dungeon?
This will make you lose the game!
You have escaped!

############# #.....#.....#
#.##.##.###.# ####.##.##.#
#.######## #######
###....##.##.###.........
......###................÷.#..###
.#.##..#...###########..##.#..#.#
#..###....##....@....#.....#..#.#
#..######.##.........#...#.#....#
........#..#.........#........>.#
........##.#..#...#..#.#.#......#
........##.#.........#.#.###....#
........##.#.........#.#.# #.#...
........##.#..#...#..#...# #....#
...#..#....#....°○○..##.## #..#..
...##.#.......°°○≈......# ##....


There were no monsters in sight!

Vanquished Creatures
  A bat (D:1)
  2 endoplasms (D:1)
  A goblin (D:1)
  A hobgoblin (D:1)
  A quokka (D:1)
  A rat (D:1)
7 creatures vanquished.

Vanquished Creatures (collateral kills)
  A dart slug (D:1)
  3 endoplasms (D:1)
  A giant cockroach (D:1)
  2 goblins (D:1)
  A hobgoblin (D:1)
  2 ball pythons (D:1)
  2 kobolds (D:1)
  2 rats (D:1)
14 creatures vanquished.

Grand Total: 21 creatures vanquished

Notes
Turn   | Place    | Note
-------+----------+-------------------------------------------
     0 | D:1      | Heoruswealwe the Deep Elf Summoner began the quest for the
                  | Orb.
     0 | D:1      | Reached XP level 1. HP: 10/10 MP: 6/6
   236 | D:1      | Reached XP level 2. HP: 15/15 MP: 5/8
   764 | D:1      | Found a faded altar of an unknown god.
   785 | D:1      | Prayed at the altar of an unknown god.
   785 | D:1      | Became a worshipper of Fedhas Madash
   785 | D:1      | Reached * piety under Fedhas
   864 | D:$      | Got out of the dungeon alive.

Illustrated notes

Levels and vault maps discovered:
D:1:      shiori_arrival_oz, layout_basic, ebering_ecumenical_altar_box,
          minmay_misc_feat_secret_circle, minmay_misc_feat_five

Skill      XL: |  1  2 |
---------------+-------+-----
Spellcasting   | 4 |  4.0
Dodging        | |  2.4
Stealth        | |  2.4
Summonings     | |  4.9

Action                   || total
-------------------------++-------
Melee: Dagger            ||     6
       Broad axe         ||    18
 Cast: Summon Small Mamm ||    20
  Use: Potion            ||     2
       Scroll            ||     1
 Stab: Sleeping          ||     2
Armor: Robe              ||    11
Dodge: Dodged            ||    26
